 Dungeon Crawl Stone Soup version 0.29-a0-321-gf1c400731a (webtiles) character file.

Game seed: 9175051227507626904

460 Dabor the Stinger (level 7, -5/43 HPs)
             Began as an Octopode Transmuter on Apr 3, 2022.
             Was an Initiate of Gozag.
             Slain by a killer bee (7 damage)
             ... on level 4 of the Dungeon.
             The game lasted 00:08:49 (4566 turns).

Dabor the Stinger (Octopode Transmuter)             Turns: 4566, Time: 00:08:49

Health: -5/43      AC:  1    Str:  7 (9)  XL:     7   Next: 7%
Magic:  12/12      EV: 13    Int: 14 (15) God:    Gozag
Gold:   480        SH:  0    Dex: 13 (15) Spells: 7/13 levels left

rFire   . . .      SeeInvis .     - Unarmed
rCold   . . .      Faith    .   (no shield)
rNeg    . . .      Spirit   .   (helmet restricted)
rPois   .          Reflect  .   (no amulet)
rElec   .          Harm     .   (no ring)
rCorr   .          Rampage  .   (no ring)
Will    .....                   (no ring)
Stlth   ++........              (no ring)
HPRegen 0.14/turn               (no ring)
MPRegen 0.13/turn               (no ring)
                                (no ring)
                                (no ring)

@: lethally poisoned (-5 -> -7), flying
A: almost no armour, amphibious, 8 rings, camouflage 1, gelatinous body 1,
(nimble swimmer 1), tentacles
a: Renounce Religion, Potion Petition, Call Merchant, Bribe Branch


You were on level 4 of the Dungeon.
You worshipped Gozag.
Gozag was aware of your devotion.
You visited 1 branch of the dungeon, and saw 4 of its levels.

You collected 513 gold pieces.
You paid 33 gold pieces to Gozag.

Inventory:

Hand Weapons
 a - a +1 spectral quarterstaff
 d - a +1 long sword of holy wrath
Magical Staves
 i - a staff of cold
Jewellery
 h - a ring of fire
Wands
 m - a wand of charming (3)
Scrolls
 b - 3 scrolls of teleportation
 c - 4 scrolls of identify
 e - 2 scrolls of enchant armour {unknown}
 f - a scroll of blinking
 j - a scroll of fear {unknown}
 l - a scroll of immolation {unknown}
 o - a scroll of vulnerability {unknown}
 q - a scroll of torment {unknown}
Potions
 n - a potion of might {unknown}
 r - a potion of heal wounds {unknown}


   Skills:
 - Level 1.3 Fighting
 - Level 2.2 Dodging
 - Level 0.3 Stealth
 - Level 3.1 Unarmed Combat
 + Level 3.6 Spellcasting
 + Level 3.9 Transmutations
 * Level 5.5 Poison Magic


You had 7 spell levels left.
You knew the following spells:

 Your Spells              Type           Power      Damage    Failure   Level
a - Beastly Appendage     Tmut           26%        N/A       4%          1
b - Wereblood             Tmut           13%        N/A       6%          2
c - Spider Form           Tmut/Pois      15%        N/A       9%          3

Your spell library contained the following spells:

 Spells                   Type           Power      Damage    Failure   Level
 Animate Skeleton         Necr           4%         N/A       21%         1
 Apportation              Tloc           4%         N/A       21%         1
 Summon Small Mammal      Summ           8%         N/A       21%         1
 Inner Flame              Hex/Fire       2%         N/A       52%         3
 Ice Form                 Ice/Tmut       8%         N/A       65%         4
 Cause Fear               Hex            1%         N/A       90%         4
 Discord                  Hex            1%         N/A       100%        8


Dungeon Overview and Level Annotations

Branches:
Dungeon (4/15)
 Temple: D:4-7

Altars:
Gozag
Beogh

Annotations:
D:3 2 transporters


Innate Abilities, Weirdness & Mutations

You cannot wear most types of armour.
You are amphibious.
You can wear up to eight rings at the same time.
Your skin changes colour to match your surroundings (Stealth+).
Your rubbery body absorbs attacks. (AC +1, EV +1)
((You are camouflaged when in or above water. (Stealth+)))
You have tentacles for arms and can constrict up to eight enemies at once.


Message History

You now have 467 gold pieces (gained 6).
Found 13 gold pieces.
Found a runed quarterstaff.
You now have 480 gold pieces (gained 13).
A killer bee comes into view.
The killer bee buzzes angrily.
You see here a +1 spectral quarterstaff.
a - a +1 spectral quarterstaff A hound zombie comes into view.
A killer bee comes into view.
The hound zombie moves out of view.
A phantom comes into view.
A killer bee comes into view.
The phantom moves out of view.
The killer bee buzzes angrily.
The killer bee stings you!
You are poisoned.
The killer bee poisons you!
The killer bee attacks as you move away!
The killer bee misses you.
You feel very sick. The killer bee stings you!
You feel sick. The killer bee stings you!
It was a potion of flight.
You feel very buoyant.
You fly up into the air.
You feel sick.
The killer bee buzzes angrily.
The killer bee misses you. The killer bee stings you!
* * * LOW HITPOINT WARNING * * *
It was a potion of degeneration.
There was something very wrong with that liquid.
You feel weakened.
You feel dopey.
You feel clumsy.
* * * LOW HITPOINT WARNING * * *
You feel sick. The killer bee misses you. The killer bee closely misses you.
The killer bee barely misses you. x2
An adder zombie comes into view.
It was a potion of magic.
Magic courses through your body.
* * * LOW HITPOINT WARNING * * *
You feel sick. The killer bee closely misses you. The killer bee stings you!
You die...
Your body crumbles into a pile of gold.

##.##.......
#....#######
#....# ###....##
#..P..P.#
.##.......#
..'.......+
###.......#
########@......#
.......yy......+
###...y.......#
#...........#
#....########
#....#
....'....+
#####Z...#
#......


You could see 3 killer bees and an adder zombie.

Vanquished Creatures
  A black bear (D:4)
  A scorpion (D:4)
  An orc priest (D:3)
  Terence (D:2)
  3 orc wizards (D:3)
  A hound skeleton (D:4)
  A howler monkey zombie (D:4)
  6 adders
  3 ufetubi (D:4)
  An adder zombie (D:4)
  A worm (D:4)
  A dart slug (D:1)
  3 orcs
  6 ball pythons
  3 bats
  5 endoplasms
  2 giant cockroaches
  7 goblins
  9 hobgoblins
  3 jackals (D:2)
  8 quokkas
  4 frilled lizards
  5 kobolds
  6 rats
82 creatures vanquished.

Vanquished Creatures (others)
  6 withered plants (D:4)
6 creatures vanquished.

Grand Total: 88 creatures vanquished

Notes
Turn   | Place    | Note
-------+----------+-------------------------------------------
     0 | D:1      | Dabor the Octopode Transmuter began the quest for the Orb.
     0 | D:1      | Reached XP level 1. HP: 13/13 MP: 3/3
   493 | D:1      | Reached XP level 2. HP: 18/18 MP: 5/5
   496 | D:1      | Learned a level 2 spell: Wereblood
   701 | D:1      | Found a faded altar of an unknown god.
   891 | D:1      | Reached skill level 1 in Poison Magic
  1215 | D:1      | Reached XP level 3. HP: 20/23 MP: 6/6
  1219 | D:1      | Learned a level 3 spell: Spider Form
  1433 | D:2      | Noticed Terence
  1448 | D:2      | Killed Terence
  1449 | D:2      | Reached skill level 2 in Poison Magic
  1649 | D:2      | Reached XP level 4. HP: 28/28 MP: 1/7
  2205 | D:2      | Found an opulent altar of Gozag.
  2306 | D:2      | Became a worshipper of Gozag Ym Sagoz the Greedy
  2463 | D:3      | Found a transporter.
  2731 | D:3      | Reached skill level 3 in Poison Magic
  2776 | D:3      | Reached XP level 5. HP: 12/33 MP: 4/9
  2790 | D:3      | Reached skill level 4 in Poison Magic
  3040 | D:3      | Found a transporter.
  3603 | D:4      | Reached XP level 6. HP: 38/38 MP: 6/10
  3974 | D:4      | Noticed a black bear
  4006 | D:4      | Reached skill level 5 in Poison Magic
  4077 | D:4      | Killed a black bear
  4078 | D:4      | Reached XP level 7. HP: 24/43 MP: 8/12
  4114 | D:4      | Noticed a two-headed ogre
  4566 | D:4      | HP: 2/43 [poisoned by a killer bee]
  4566 | D:4      | Slain by a killer bee

Illustrated notes

Levels and vault maps discovered:
D:1:      amcnicky_arrival_blooded_trapdoor, layout_loops_corners,
          basic_ecumenical_altar, minmay_tetromino_t2
D:2:      layout_basic, basic_altar, uniq_terence
D:3:      gammafunk_steamed_eel, layout_loops_ring, kennysheep_orc_chapel
D:4:      minmay_recursive_quarters, layout_basic, serial_undead,
          serial_undead_b, serial_undead_f, serial_undead_e, serial_undead_b,
          serial_undead_d, serial_undead_b, serial_undead_b, serial_undead_a,
          serial_undead_f, serial_undead_d, palyth_stone_intersect

Skill      XL: |  1  2  3  4  5  6 |
---------------+-------------------+-----
Poison Magic   | 1 2 3 4 5 |  5.5
Transmutations | 3 |  3.9
Spellcasting   | 3 |  3.6
Fighting       | |  1.3
Dodging        | |  2.2
Stealth        | |  0.3
Unarmed Combat | |  3.1

Action                   |  1- 3 |  4- 6 |  7- 9 || total
-------------------------+-------+-------+-------++-------
Melee: Unarmed           |    62 |   129 |     8 ||   199
       Constrict         |    16 |    26 |     1 ||    43
       Tentacles         |    14 |    17 |     2 ||    33
       Kick              |     5 |    20 |       ||    25
       Punch             |     2 |     3 |       ||     5
 Cast: Beastly Appendage |     6 |     5 |       ||    11
       Wereblood         |     3 |     5 |     1 ||     9
       Spider Form       |     2 |     2 |       ||     4
Evoke: Wand              |       |       |     4 ||     4
  Use: Scroll            |     3 |       |       ||     3
       Potion            |       |     4 |     4 ||     8
 Stab: Sleeping          |     5 |     5 |     1 ||    11
Armor: Skin              |     3 |    11 |     9 ||    23
Dodge: Dodged            |    31 |    70 |    14 ||   115

Table legend: (Time is in decaauts)
 A = Elapsed time spent in this place.
 B = Non-inter-level travel time spent in this place.
 C = Inter-level travel time spent in this place.
 D = Time resting spent in this place.
 E = Time spent auto-exploring this place.
 F = Levels seen in this place.
 G = Mean time per level.
                   A        B        C        D        E       F      G
               +--------+--------+--------+--------+--------+-----+--------+
         Total |   4563 |   4291 |    272 |    859 |   2719 |   4 | 1140.8 |
       Dungeon |   4563 |   4291 |    272 |    859 |   2719 |   4 | 1140.8 |
               +--------+--------+--------+--------+--------+-----+--------+

Top non-repeatable levels by time:
     D:1: 1382 daAuts
     D:4: 1099 daAuts
     D:2: 1067 daAuts
     D:3: 1014 daAuts
